 Dungeon Crawl Stone Soup version 0.27.1-35-g4d5d836560 (webtiles) character file.

Game seed: 16793098306227071809

105191 croobank the Transmogrifier (level 15, -4/108 HPs)
             Began as a Demonspawn Abyssal Knight on June 17, 2022.
             Was the Champion of Lugonu.
             Shot with a bolt by a naga sharpshooter (27 damage)
             ... on level 1 of the Snake Pit on June 18, 2022.
             The game lasted 02:51:22 (38476 turns).

croobank the Transmogrifier (DsAK)                 Turns: 38476, Time: 02:51:23

Health: -4/108     AC: 18    Str: 19    XL:     15   Next: 94%
Magic:  21/25      EV: 13    Int: 24    God:    Lugonu [******]
Gold:   2121       SH:  4    Dex: 18    Spells: 4/27 levels left

rFire    . . .     SeeInvis +   j - +11 broad axe "Geban" {vorpal, rCorr Dex+4 SInv}
rCold    . . .     Faith    .   d - +0 buckler
rNeg     . . .     Spirit   .   y - +3 ring mail {Will+}
rPois    +         Reflect  .   z - +2 hat
rElec    +         Harm     .   s - +1 cloak
rCorr    +         Rampage  .   F - +0 pair of gloves
Will     +++..                  (no boots)
Stlth    +.........             J - amulet of magic regeneration
HPRegen  0.28/turn              A - ring of poison resistance
MPRegen  0.44/turn              h - ring of Plog {*Slow rElec Str+6 Int+6}

@: lethally poisoned (-4 -> -10), very slightly contaminated, studying Staves
A: antennae 2, icy blue scales 2, spiny 2, demonic magic 2, demonic willpower
a: Renounce Religion, Depart the Abyss, Bend Space, Banish, Corrupt, Enter the
Abyss, Brand Weapon With Distortion


You were on level 1 of the Snake Pit.
You worshipped Lugonu.
Lugonu was exalted by your worship.
You visited 4 branches of the dungeon, and saw 22 of its levels.
You visited the Abyss 1 time.

You collected 2473 gold pieces.
You spent 352 gold pieces at shops.

Inventory:

Hand Weapons
 a - a +0 great mace
 c - the +11 war axe of Suicidal Tendencies {freeze, Fragile rElec rF+ rN+ Int+3}
   (You found it on level 2 of the Lair of Beasts)

   It freezes those it strikes, dealing additional cold damage.
   It can also slow down cold-blooded creatures.
   Int:       It affects your intelligence (+3).
   rF:        It protects you from fire.
   rElec:     It insulates you from electricity.
   rN:        It protects you from negative energy.
   Fragile:   It will be destroyed if unequipped.
 f - a +2 dagger of speed
 j - the +11 broad axe "Geban" (weapon) {vorpal, rCorr Dex+4 SInv}
   (You found it on level 11 of the Dungeon)

   It inflicts extra damage upon your enemies.
   Dex:       It affects your dexterity (+4).
   SInv:      It lets you see invisible.
   rCorr:     It protects you from acid and corrosion.
 m - a +1 quarterstaff
 q - a +0 shortbow of flaming
 v - a +4 dagger
 G - a +3 antimagic short sword
 M - a +1 war axe of electrocution
Missiles
 w - 39 boomerangs
 x - 208 arrows
 W - 107 bolts
Armour
 d - a +0 buckler (worn)
 e - a +1 ring mail
 s - a +1 cloak (worn)
 t - the +7 chain mail of Pandemonium {rPois}
   (You found it on level 10 of the Dungeon)

   rPois:     It protects you from poison.
 y - a +3 ring mail of willpower (worn)
 z - a +2 hat (worn)
 C - a +2 ring mail of fire resistance
 E - a +2 leather armour of poison resistance
 F - a +0 pair of gloves (worn)
Jewellery
 h - the ring of Plog (right hand) {*Slow rElec Str+6 Int+6}
   (You found it on level 12 of the Dungeon)

   [ring of strength]

   Str:       It affects your strength (+6).
   Int:       It affects your intelligence (+6).
   rElec:     It insulates you from electricity.
   *Slow:     It may slow you when you take damage.
 l - a ring of magical power
 o - a ring of flight
 r - a +4 ring of protection
 A - a ring of poison resistance (left hand)
 J - an amulet of magic regeneration (around neck)
 T - a +4 ring of protection
 U - a +4 ring of evasion
 Y - a +6 ring of intelligence
Wands
 D - a wand of iceblast (7) (quivered)
 S - a wand of mindburst (1)
 X - a wand of paralysis (2)
 Z - a wand of flame (4)
Scrolls
 b - a scroll of blinking
 i - 4 scrolls of teleportation
 u - a scroll of magic mapping
 N - a scroll of fog
Potions
 g - 11 potions of ambrosia
 n - a potion of cancellation
 p - 2 potions of heal wounds
 B - 3 potions of flight
 H - 2 potions of brilliance
 K - 4 potions of lignification {unknown}
 O - a potion of mutation
 P - a potion of curing
 Q - 2 potions of magic {unknown}
 R - 3 potions of berserk rage {unknown}
 V - 7 potions of might
Miscellaneous
 k - a phial of floods


   Skills:
 - Level 7.5 Fighting
 - Level 4.7(5.0) Short Blades
 - Level 2.0(3.6) Long Blades
 + Level 9.6(9.7) Axes
 - Level 1.6(8.8) Maces & Flails
 - Level 9.6(9.7) Staves
 - Level 2.9 Slings
 - Level 7.2 Armour
 - Level 5.8 Dodging
 - Level 1.8 Stealth
 - Level 6.7 Spellcasting
 - Level 7.0 Conjurations
 + Level 5.2 Necromancy
 - Level 7.3 Translocations
 - Level 12.2 Transmutations
 - Level 2.2 Air Magic
 + Level 4.3 Earth Magic
 - Level 7.3 Poison Magic
 + Level 7.9 Invocations
 - Level 1.0 Evocations


You had 4 spell levels left.
You knew the following spells:

 Your Spells              Type           Power      Damage    Failure   Level
a - Sting                 Tmut/Pois      100%       1d8       1%          1
b - Poisonous Vapours     Pois/Air       62%        N/A       4%          2
c - Olgreb's Toxic Radia  Pois           43%        N/A       10%         4
d - Irradiate             Conj/Tmut      26%        3d22      11%         5
e - Iskenderun's Mystic   Conj/Tloc      42%        2d10      11%         4
f - Blink                 Tloc           N/A        N/A       1%          2
g - Borgnjor's Vile Clut  Necr/Erth      15%        N/A       58%         5

Your spell library contained the following spells:

 Spells                   Type           Power      Damage    Failure   Level
 Magic Dart               Conj           100%       1d8       1%          1
 Passwall                 Tmut/Erth      40%        N/A       1%          2
 Lesser Beckoning         Tloc           21%        N/A       3%          3
 Mephitic Cloud           Conj/Pois/Air  34%        N/A       6%          3
 Dazzling Flash           Conj/Hex       48%        N/A       14%         3
 Animate Dead             Necr           16%        N/A       22%         4
 Swiftness                Air            18%        N/A       24%         3
 Call Imp                 Summ           8%         N/A       30%         2
 Cause Fear               Hex            4%         N/A       89%         4
 Alistair's Intoxication  Tmut/Pois      35%        N/A       10%         5
 Manifold Assault         Tloc           43%        N/A       26%         5
 Yara's Violent Unravell  Hex/Tmut       18%        3d9       41%         5
 Eringya's Noxious Bog    Tmut/Pois      26%        N/A       50%         6
 Dragon Form              Tmut           30%        N/A       73%         7
 Summon Forest            Summ/Tloc      12%        N/A       77%         5
 Death Channel            Necr           16%        N/A       98%         6
 Invisibility             Hex            4%         N/A       100%        6
 Starburst                Conj/Fire      12%        6d5       100%        6
 Haunt                    Necr/Summ      10%        N/A       100%        7
 Storm Form               Tmut/Air       21%        N/A       100%        7
 Summon Hydra             Summ           4%         N/A       100%        7
 Infestation              Necr           16%        N/A       100%        8
 Dragon's Call            Summ           4%         N/A       100%        9


Dungeon Overview and Level Annotations

Branches:
Dungeon (13/15)            Temple (0/1) D:5            Lair (6/6) D:11
  Swamp (0/4) Lair:2        Snake (1/4) Lair:4        Slime (0/5) Lair:5
    Orc (2/2) D:12            Elf (0/3) Orc:2
 Vaults: D:13-14

Altars:
Elyvilon
Gozag
Makhleb
Nemelex Xobeh
Ru
Uskayaw
Wu Jian
Xom
Yredelemnul
The Shining One

Shops:
D:6 *   Orc:2 =!(*

Portals:
Pandemonium: Orc:2

Annotations:
D:12 3 runed translucent doors
Lair:3 1 runed translucent door, Befuwnopp's ghost, journeyman TrHu
Lair:6 1 runed translucent door


Innate Abilities, Weirdness & Mutations

You have a pair of antennae on your head.
You are mostly covered in icy blue scales. (AC +3)
You are mostly covered in sharp spines.
Spells you cast may paralyse nearby enemies.
You punish those that try to bend your will. (Will+)


Message History

You resist.
The naga sharpshooter mumbles some strange words.
Casting: Irradiate (dangerous; 11% risk of failure)
Confirm with . or Enter, or press ? or * to list all spells.
You erupt in a blast of force!
The mystic blast hits the naga sharpshooter!
The naga sharpshooter is lightly wounded.
The naga sharpshooter is knocked back by the mystic blast.
The mystic blast hits the naga sharpshooter!
The naga sharpshooter is heavily wounded.
The naga sharpshooter is knocked back by the mystic blast.
The naga sharpshooter collides with the naga!
Malevolent energies surge around you.
The mana viper hisses angrily.
As you read the scroll of fear, it crumbles to dust.
You assume a fearsome visage.
The mana viper looks frightened!
The naga sharpshooter looks frightened! x2; The naga looks frightened!
You hit the naga but do no damage.
Your attack snaps the naga out of its fear.
The naga is lightly wounded.
The naga sharpshooter seems to regain its courage.
The naga is struck by your spines. The naga hits you with a +0 dire flail.
Casting: Iskenderun's Mystic Blast (dangerous; 11% risk of failure)
Confirm with . or Enter, or press ? or * to list all spells.
You miscast Iskenderun's Mystic Blast.
You are very lightly contaminated with residual magic.
Nothing appears to happen.
The naga sharpshooter casts a spell.
The naga sharpshooter magically shoots a bolt.
The bolt hits you!!
* * * LOW HITPOINT WARNING * * *
You barely miss the naga.
The naga is lightly wounded.
The naga spits poison at you. The splash of poison hits you.
You are poisoned.
You resist.
* * * LOW HITPOINT WARNING * * *
The naga sharpshooter shoots a bolt.
The bolt hits you!!
You die...

.....####
###...#..##+###
.....# #..###. #
..... ##..### ...#..
##....# .###...##
#.....#
.....#####..#......
{
.......#....#.......
#.......###......
##.N@....# ..####
#...##...# ..# #..N#
##......# .....#
#...... .....
#..N### .... ..##
.## ##


You could see 2 naga sharpshooters and a naga (catching breath).

Vanquished Creatures
  An orc warlord (Orc:2)
  A fire dragon (Lair:6)
  10 hydras
  A catoblepas (Lair:4)
  3 boulder beetles
  5 anacondas
  A centaur warrior (D:8)
  5 death knights
  4 two-headed ogres
  11 death yaks
  5 orc high priests (Orc:2)
  Urug (Orc:2)
  A shock serpent (Snake:1)
  3 sea snakes
  5 skeletal warriors
  2 torturous demonspawn (Orc:2)
  A swamp dragon (Lair:6)
  5 lindwurms
  A naga ritualist (Snake:1)
  5 orc knights (Orc:2)
  6 orc sorcerers (Orc:2)
  2 mana vipers
  A manticore (D:9)
  An ugly thing (D:11)
  An oklob plant (Lair:4)
  A cyclops (Orc:2)
  11 black mambas
  A naga mage (Snake:1)
  21 elephants
  3 smoke demons (Orc:2)
  11 cane toads
  7 torpor snails
  2 kobold demonologists (D:12)
  An unseen horror (D:12)
  8 rime drakes
  14 komodo dragons
  2 ice devils (D:11)
  3 trolls (Orc:1)
  A jumping spider (shapeshifter) (D:12)
  A queen bee (D:11)
  4 tyrant leeches (Lair:6)
  27 blink frogs
  7 hornets
  Prince Ribbit (D:7)
  4 dream sheep (Lair:5)
  6 wyverns
  A shadow (D:11)
  54 yaks
  6 basilisks
  2 chaos spawn (Orc:2)
  3 steam dragons
  6 wargs (Orc:2)
  7 nagas
  5 acid dragons
  16 water moccasins
  A hornet zombie (D:9)
  4 black bears
  A swamp drake (Lair:6)
  37 orc warriors
  2 ice beasts (D:7)
  An ogre (Orc:1)
  3 centaurs
  8 wolves
  2 kobold brigands
  9 bullfrogs
  4 gnoll sergeants
  A wyvern zombie (D:7)
  2 wyvern skeletons
  5 scorpions
  35 killer bees
  4 wights (D:8)
  3 electric eels
  5 howler monkeys
  2 centaur zombies
  4 hounds
  A bullfrog zombie (D:5)
  2 jellies
  2 gnoll shamans
  22 orc priests
  Ijyb (D:4)
  8 iguanas
  16 orc wizards
  2 killer bee zombies
  2 howler monkey zombies
  26 gnolls
  2 howler monkey skeletons
  2 adders
  A white imp (D:7)
  A worm (D:2)
  2 dart slugs (D:1)
  61 orcs
  8 endoplasms
  2 giant cockroaches
  3 goblins
  6 hobgoblins
  4 jackals (D:1)
  2 quokkas
  4 ball pythons
  2 frilled lizards (D:1)
  A goblin zombie (D:4)
  16 kobolds
  A quokka zombie (D:4)
  5 rats
  A spectral orc (D:6)
657 creatures vanquished.

Vanquished Creatures (collateral kills)
  Nessos (Lair:6)
1 creature vanquished.

Vanquished Creatures (others)
  2 bushes
  49 fungi
  80 plants
131 creatures vanquished.

Grand Total: 789 creatures vanquished

Notes
Turn   | Place    | Note
-------+----------+-------------------------------------------
     0 | Abyss:1  | croobank the Demonspawn Abyssal Knight began the quest for
                  | the Orb.
     0 | Abyss:1  | Reached XP level 1. HP: 18/18 MP: 2/2
    15 | D:1      | Escaped the Abyss
   153 | D:1      | Gained mutation: You have a pair of small antennae on your
                  | head. [demonic ancestry]
   153 | D:1      | Reached XP level 2. HP: 11/24 MP: 3/3
   565 | D:1      | Learned a level 1 spell: Sting
  1079 | D:1      | Reached skill level 1 in Dodging
  1659 | D:2      | Reached XP level 3. HP: 12/29 MP: 4/4
  2494 | D:2      | Reached ** piety under Lugonu
  3323 | D:3      | Reached skill level 1 in Staves
  3598 | D:3      | Gained mutation: You are partially covered in sharp spines.
                  | [demonic ancestry]
  3598 | D:3      | Reached XP level 4. HP: 26/36 MP: 5/5
  3749 | D:4      | Noticed a scorpion
  3757 | D:4      | Killed a scorpion
  3893 | D:4      | Gained mutation: Spells you cast may paralyse adjacent
                  | enemies. [demonic ancestry]
  3893 | D:4      | Reached XP level 5. HP: 35/42 MP: 6/6
  4215 | D:4      | Noticed Ijyb
  4239 | D:4      | Killed Ijyb
  4240 | D:4      | Reached skill level 1 in Slings
  4648 | D:4      | Found a hide-covered altar of Uskayaw.
  5244 | D:5      | Entered Level 5 of the Dungeon
  5263 | D:5      | Found a staircase to the Ecumenical Temple.
  5331 | D:5      | Reached skill level 1 in Short Blades
  5331 | D:5      | Gained mutation: Spells you cast may paralyse nearby
                  | enemies. [demonic ancestry]
  5331 | D:5      | Reached XP level 6. HP: 37/48 MP: 7/7
  5334 | D:5      | Learned a level 2 spell: Poisonous Vapours
  5549 | D:6      | Noticed a water moccasin
  5564 | D:6      | Killed a water moccasin
  5565 | D:6      | Reached XP level 7. HP: 35/54 MP: 8/8
  5762 | D:5      | Reached skill level 1 in Stealth
  6000 | D:5      | Found an opulent altar of Gozag.
  6853 | D:5      | Gained mutation: You are partially covered in icy blue
                  | scales. (AC +2) [demonic ancestry]
  6853 | D:5      | Reached XP level 8. HP: 23/61 MP: 9/9
  7132 | D:6      | Reached skill level 5 in Fighting
  7193 | D:6      | Reached *** piety under Lugonu
  7445 | D:6      | Found Eramu's Assorted Antiques.
  7574 | D:6      | Found a sparkling altar of Nemelex Xobeh.
  7752 | D:6      | Found a basalt altar of Yredelemnul.
  7874 | D:7      | Reached skill level 5 in Armour
  7878 | D:7      | Reached skill level 5 in Staves
  8516 | D:7      | Gained mutation: You are mostly covered in icy blue scales.
                  | (AC +3) [demonic ancestry]
  8516 | D:7      | Reached XP level 9. HP: 67/68 MP: 10/10
  8540 | D:7      | Noticed Prince Ribbit
  8676 | D:7      | Reached skill level 1 in Long Blades
  8890 | D:7      | Killed Prince Ribbit
  8891 | D:7      | Reached skill level 1 in Maces & Flails
  9160 | D:7      | Reached **** piety under Lugonu
  9694 | D:8      | Reached skill level 1 in Poison Magic
  9904 | D:8      | Reached skill level 1 in Spellcasting
 10032 | D:8      | Noticed a centaur warrior
 10286 | D:8      | Killed a centaur warrior
 10287 | D:8      | Gained mutation: You have a pair of antennae on your head.
                  | [demonic ancestry]
 10287 | D:8      | Reached XP level 10. HP: 19/76 MP: 10/12
 11064 | D:8      | Found a sacrificial altar of Ru.
 12059 | D:9      | Learned a level 4 spell: Olgreb's Toxic Radiance
 12165 | D:9      | Found an ornate altar of the Wu Jian Council.
 12380 | D:9      | Found a burning altar of Makhleb.
 12579 | D:9      | Noticed a manticore
 12598 | D:9      | Killed a manticore
 12599 | D:9      | Noticed a death knight
 12948 | D:10     | Entered Level 10 of the Dungeon
 12978 | D:10     | Identified the +7 chain mail of Pandemonium {rPois}
 13080 | D:10     | Reached skill level 5 in Dodging
 13109 | D:10     | Noticed a two-headed ogre
 13320 | D:10     | Got Castusoq's Grimoire of Moulding
 13327 | D:10     | Learned a level 5 spell: Irradiate
 13409 | D:10     | Killed a two-headed ogre
 13410 | D:10     | Reached skill level 1 in Air Magic
 13849 | D:10     | Reached ***** piety under Lugonu
 13852 | D:10     | Reached XP level 11. HP: 53/83 MP: 14/16
 14184 | D:9      | Killed a death knight
 14329 | D:9      | Learned a level 4 spell: Iskenderun's Mystic Blast
 14457 | D:11     | Noticed a two-headed ogre
 14470 | D:11     | Killed a two-headed ogre
 14471 | D:11     | Reached skill level 5 in Poison Magic
 14628 | D:11     | Reached skill level 1 in Conjurations
 14968 | D:11     | Reached skill level 1 in Translocations
 14992 | D:11     | Found a shimmering altar of Xom.
 15111 | D:11     | Noticed a cyan ugly thing
 15140 | D:11     | Killed a cyan ugly thing
 15141 | D:11     | Reached skill level 1 in Evocations
 15402 | D:11     | Identified the +11 broad axe "Geban" {vorpal, rCorr Dex+4
                  | SInv}
 15503 | D:11     | Reached skill level 5 in Spellcasting
 15723 | D:11     | Noticed a boulder beetle
 16162 | D:11     | Found a staircase to the Lair.
 16334 | D:11     | Killed a boulder beetle
 16622 | D:12     | Found a staircase to the Orcish Mines.
 16633 | D:12     | Noticed a skeletal warrior
 16643 | D:12     | Learned a level 2 spell: Blink
 16667 | D:12     | HP: 4/84 [skeletal warrior[a skeletal warrior] (12)]
 16682 | D:12     | Killed a skeletal warrior
 16700 | D:12     | Noticed a skeletal warrior
 16707 | D:12     | Noticed a skeletal warrior
 16709 | D:12     | Noticed a skeletal warrior
 16710 | D:12     | Noticed a skeletal warrior
 17032 | D:12     | Noticed a soul eater
 17044 | D:12     | Identified the ring of Plog {*Slow rElec Str+6 Int+6}
 17160 | D:12     | Found a runed translucent door.
 17160 | D:12     | Found a runed translucent door.
 17160 | D:12     | Noticed a merfolk avatar
 17160 | D:12     | Noticed a merfolk impaler
 17238 | Lair:1   | Entered Level 1 of the Lair of Beasts
 17255 | Lair:1   | Gained mutation: You punish those that try to bend your
                  | will. (Will+) [demonic ancestry]
 17255 | Lair:1   | Reached XP level 12. HP: 91/91 MP: 20/20
 17673 | Lair:1   | Noticed a four-headed hydra
 17689 | Lair:1   | Killed a four-headed hydra
 18648 | Lair:2   | Reached skill level 5 in Axes
 19069 | Lair:2   | Reached ****** piety under Lugonu
 19228 | Lair:2   | Found a staircase to the Swamp.
 19614 | Lair:2   | Noticed a boulder beetle
 19627 | Lair:2   | Killed a boulder beetle
 20535 | Lair:2   | Reached skill level 1 in Transmutations
 20536 | Lair:2   | Reached skill level 2 in Transmutations
 20568 | Lair:2   | Reached skill level 3 in Transmutations
 20568 | Lair:2   | Gained mutation: You are mostly covered in sharp spines.
                  | [demonic ancestry]
 20568 | Lair:2   | Reached XP level 13. HP: 55/96 MP: 23/23
 20828 | Lair:3   | Reached skill level 4 in Transmutations
 21094 | Lair:3   | Reached skill level 5 in Transmutations
 21204 | Lair:3   | Reached skill level 6 in Transmutations
 21206 | Lair:3   | Found a runed translucent door.
 21767 | Lair:3   | Reached skill level 7 in Transmutations
 22020 | Lair:2   | Identified the +11 war axe of Suicidal Tendencies {freeze,
                  | Fragile rElec rF+ rN+ Int+3}
 22400 | Lair:3   | Noticed Befuwnopp's ghost (journeyman TrHu)
 22493 | Lair:4   | Reached skill level 8 in Transmutations
 23041 | Lair:4   | Found a sacrificial altar of Ru.
 23217 | Lair:4   | Reached skill level 9 in Transmutations
 23513 | Lair:4   | Found a staircase to the Snake Pit.
 23580 | Lair:5   | Reached skill level 10 in Transmutations
 24016 | Lair:4   | Reached XP level 14. HP: 73/103 MP: 24/24
 24529 | Lair:4   | Reached skill level 11 in Transmutations
 25641 | Lair:5   | Found a staircase to the Slime Pits.
 25921 | Lair:5   | Reached skill level 12 in Transmutations
 26453 | Lair:6   | Entered Level 6 of the Lair of Beasts
 26538 | Lair:6   | Reached skill level 5 in Translocations
 27253 | Lair:6   | Noticed Nessos
 27271 | Lair:6   | Killed Nessos
 27351 | Lair:6   | Reached skill level 5 in Conjurations
 28148 | Lair:6   | Found a runed translucent door.
 30257 | D:11     | Reached XP level 15. HP: 47/108 MP: 24/25
 30797 | D:12     | Found a runed translucent door.
 32229 | Orc:1    | Entered Level 1 of the Orcish Mines
 32612 | Orc:1    | Learned a level 5 spell: Borgnjor's Vile Clutch
 32776 | Orc:2    | Entered Level 2 of the Orcish Mines
 33105 | Orc:2    | Found a staircase to the Elven Halls.
 33234 | Orc:2    | Reached skill level 1 in Necromancy
 33561 | Orc:2    | Noticed an orc warlord
 33592 | Orc:2    | Reached skill level 1 in Earth Magic
 33594 | Orc:2    | Killed an orc warlord
 33717 | Orc:2    | Found Sipneb's General Store.
 33734 | Orc:2    | Reached skill level 5 in Invocations
 33776 | Orc:2    | Found Boteray's Distillery.
 34148 | Orc:2    | Bought 3 potions of might for 192 gold pieces
 34148 | Orc:2    | Bought a potion of heal wounds for 80 gold pieces
 34148 | Orc:2    | Bought a potion of heal wounds for 80 gold pieces
 34381 | Orc:2    | Noticed Urug
 34591 | Orc:2    | Killed Urug
 35637 | Orc:2    | Paralysed by an orc sorcerer for 7 turns
 36046 | Orc:2    | Found Tail's Antique Weapon Boutique.
 36046 | Orc:2    | Found Siachaq's Jewellery Shop.
 36050 | Orc:2    | Found a one-way gate leading to the halls of Pandemonium.
 36339 | Snake:1  | Entered Level 1 of the Snake Pit
 37519 | Snake:1  | Reached skill level 5 in Necromancy
 38476 | Snake:1  | Shot with a bolt by a naga sharpshooter

Illustrated notes

Levels and vault maps discovered:
D:1:      pf_arrival_petrified_forest, layout_loops_corners
D:2:      layout_basic
D:3:      layout_basic, grunt_temple_overflow_forces_of_nature,
          mainiacjoe_overflow_surrounded_room, corner_web_ring
D:4:      layout_cave_pods, old_standard_altar, enter_ossuary_4,
          kennysheep_generic_room_6, uniq_ijyb
D:5:      layout_gridville, grunt_gozag_statues, temple_statues,
          serial_bayou_ford_a
D:6:      layout_gridville, yredelemnul_forgotten_temple_becter,
          mainiacjoe_overflow_24_doors, nemelex_diamond_rough_becter,
          serial_shops, shop_fountains
D:7:      layout_basic, minmay_manual_mail, uniq_prince_ribbit1
D:8:      layout_gridville, mainiacjoe_overflow_tiny_flanked
D:9:      minmay_chambers_of_sixes, layout_cave_pools, lightli_temple_of_fire,
          nicolae_elyvilon_peaceful_grove, nicolae_wu_jian_wuxing_cycle,
          serial_rivers, chequers_serial_rivers_large_a,
          chequers_serial_rivers_room_b, chequers_serial_rivers_large_b,
          chequers_serial_rivers_small_a
D:10:     layout_rooms
D:11:     layout_roguey [special_room_bee], david_lair_generic,
          portal_ice_cave_demonic_guard, xom_teletrap_fun
D:12:     layout_roguey, david_orc_3, grunt_ministairs_8, mikee_hates_you
D:13:     cheibrodos_tormentor_scu, layout_gridville, david_vaults_4
Lair:1:   layout_regular_city, columned_hall_lemuel
Lair:2:   layout_regular_city, swamp_mist_pool, minmay_lindwurm_lava
Lair:3:   layout_regular_city, ebering_ghost_reflecting_pool,
          serial_bayou_shore_a
Lair:4:   layout_loops_ring, minmay_snake_entry_guardpost_small,
          lemuel_oklob_altar
Lair:5:   layout_regular_city, slime_dummy
Lair:6:   guppyfry_lair_end_dragon, layout_regular_city, wormcave, uniq_nessos
Snake:1:  layout_layer_cave, nicolae_snake_springs, serial_bayou_shore_b,
          grunt_megastairs_4
Orc:1:    layout_caves, library_closet
Orc:2:    pf_orc_diabolical, layout_caves, uniq_urug

Skill      XL: |  1  2  3  4  5  6  7  8  9 10 11 12 13 14 15 |
---------------+----------------------------------------------+-----
Axes           | 2 3 6 7 9 |  9.6
Armour         | 2 3 4 5 6 7 |  7.2
Dodging        | 1 2 3 4 5 |  5.8
Staves         | 1 2 3 5 8 9 |  9.6
Fighting       | 4 5 6 7 |  7.5
Slings         | 1 2 |  2.9
Short Blades   | 1 2 4 |  4.7
Stealth        | 1 |  1.8
Long Blades    | 2 |  2.0
Maces & Flails | 1 |  1.6
Poison Magic   | 2 4 6 7 |  7.3
Spellcasting   | 1 3 5 6 |  6.7
Air Magic      | 1 2 |  2.2
Conjurations   | 3 4 6 7 |  7.0
Translocations | 2 4 6 7 |  7.3
Evocations     | 1 |  1.0
Transmutations | 3 10 12 | 12.2
Invocations    | 3 4 7 |  7.9
Necromancy     | 5 |  5.2
Earth Magic    | 4 |  4.3

Action                   |  1- 3 |  4- 6 |  7- 9 | 10-12 | 13-15 || total
-------------------------+-------+-------+-------+-------+-------++-------
Melee: Hand axe          |    69 |    15 |       |       |       ||    84
       Quarterstaff      |    82 |    31 |   349 |   205 |    44 ||   711
       Dagger            |       |    69 |       |    22 |       ||    91
       Short sword       |       |       |    26 |       |     7 ||    33
       War axe           |       |       |       |    88 |       ||    88
       Broad axe         |       |       |       |   224 |   521 ||   745
       Dire flail        |       |       |       |    11 |       ||    11
 Fire: Hunting sling     |       |    16 |    14 |       |       ||    30
       Shortbow          |       |       |       |    46 |     3 ||    49
Throw: Throwing net      |       |       |     2 |     2 |       ||     4
       Stone             |       |       |     1 |       |       ||     1
       Boomerang         |       |       |       |     2 |       ||     2
 Cast: Poisonous Vapours |       |       |     1 |    28 |    37 ||    66
       Olgreb's Toxic Ra |       |       |       |    10 |    16 ||    26
       Sting             |       |       |       |     9 |    44 ||    53
       Blink             |       |       |       |     5 |       ||     5
       Irradiate         |       |       |       |       |   121 ||   121
       Iskenderun's Myst |       |       |       |       |    26 ||    26
Invok: Bend Space        |       |       |       |     1 |     2 ||     3
Evoke: Wand              |       |       |    12 |     3 |     8 ||    23
  Use: Scroll            |     5 |     1 |     9 |    11 |    12 ||    38
       Potion            |     2 |       |     2 |     7 |     5 ||    16
 Stab: Invisible         |       |       |     1 |       |       ||     1
       Paralysed         |       |       |       |    21 |    79 ||   100
       Held in net/web   |       |       |       |     1 |       ||     1
Armor: Leather armour    |    41 |     5 |       |       |       ||    46
       Ring mail         |       |    30 |   226 |   184 |   315 ||   755
       Acid dragon scale |       |       |       |    43 |       ||    43
       Chain mail        |       |       |       |   149 |     8 ||   157
Dodge: Dodged            |    85 |    43 |   268 |   384 |   443 ||  1223
Block: Buckler           |       |       |       |       |    75 ||    75
